 Dungeon Crawl Stone Soup version 0.19.1 (webtiles) character file.

65 shezar the Slasher (level 3, -3/33 HPs)
             Began as a Minotaur Monk on Dec 6, 2016.
             Slain by a gnoll
             ... wielding a +0 spear
              (8 damage)
             ... on level 2 of the Dungeon.
             The game lasted 00:13:49 (1161 turns).

shezar the Slasher (Minotaur Monk)                  Turns: 1161, Time: 00:13:49

Health: -3/33      AC:  2    Str: 15    XL:     3   Next: 92%
Magic:  2/2        EV: 14    Int:  7    God:
Gold:   27         SH:  0    Dex: 13    Spells: 0 memorised, 2 levels left

rFire  . . .     SeeInvis +     g - -2 short sword (curse)
rCold  . . .     Gourm    .     e - +0 robe
rNeg   . . .     Faith    .     (no shield)
rPois  .         Spirit   .     (helmet unavailable)
rElec  .         Reflect  .     (no cloak)
rCorr  .         Harm     .     (no gloves)
MR     +....                    (no boots)
Stlth  ++........               (no amulet)
                                (no ring)
                                f - ring of see invisible

@: no status effects
A: retaliatory headbutt, hooves 1, horns 3, magic resistance 1
a: no special abilities


You were on level 2 of the Dungeon.
You were not hungry.

You visited 1 branch of the dungeon, and saw 2 of its levels.

You collected 27 gold pieces.

Inventory:

Hand Weapons
 a - a +0 falchion
 d - a +1 dagger of venom
 g - a cursed -2 short sword (weapon)
Missiles
 b - 49 arrows
 i - 3 javelins of penetration (quivered)
Armour
 e - a +0 robe (worn)
Jewellery
 f - a ring of see invisible (left hand)
Comestibles
 c - a bread ration


   Skills:
 + Level 4.3 Fighting
 + Level 0.7(2.5) Short Blades
 + Level 4.3(4.4) Long Blades
 + Level 0.4 Throwing
 + Level 3.9 Dodging
 + Level 1.8 Stealth


You had 2 spell levels left.
You didn't know any spells.

Dungeon Overview and Level Annotations

Branches:
Dungeon (2/15)

Altars:


Innate Abilities, Weirdness & Mutations

You reflexively headbutt those who attack you in melee.
You have a pair of large horns on your head.
You have large cloven feet.
You are resistant to hostile enchantments. (MR+)


Message History

The gnoll completely misses you.
You barely miss the gnoll.
The gnoll is almost dead.
The gnoll hits you with a halberd.
The gnoll hits you from afar with a spear!
* * * LOW HITPOINT WARNING * * *
You barely miss the gnoll. You kick the gnoll, but do no damage.
You headbutt the gnoll.
You kill the gnoll!
The gnoll hits you from afar with a spear.
* * * LOW HITPOINT WARNING * * *
Throwing (i - inventory):
i - 4 javelins of penetration (quivered)
Press: ? - help, Shift-Dir - straight line, f - gnoll
Aim: a gnoll, wielding a spear You throw a javelin of penetration.
The javelin of penetration pierces through the gnoll.
The gnoll is moderately wounded.
The javelin of penetration pierces through the gnoll but does no damage.
The gnoll hits you from afar with a spear!
You die...

.....## # ..#
......## ##.
.(. .......#
##...##.#######
.......+
...............
.......# #)#
......# #g#
.....## #g#
#...## #.#
##'## #@# #.#
#####.# ##.#
#.....# ...##
#.##### #...##
#.# .....####
#.# #...#...#
#.#
........####.#
#.###........#


You could see 2 gnolls.

Vanquished Creatures
  2 gnolls
  An ooze (D:2)
  A worm (D:2)
  A dart slug (D:1)
  6 bats
  3 giant cockroaches
  2 goblins
  4 hobgoblins (D:1)
  3 jackals (D:2)
  4 kobolds (D:1)
  A quokka (D:2)
  A frilled lizard (D:1)
  5 rats
34 creatures vanquished.

Vanquished Creatures (others)
  4 toadstools (D:1)
4 creatures vanquished.

Grand Total: 38 creatures vanquished

Notes
Turn   | Place    | Note
-------+----------+-------------------------------------------
     0 | D:1      | shezar the Minotaur Monk began the quest for the Orb.
     0 | D:1      | Reached XP level 1. HP: 19/19 MP: 0/0
   320 | D:1      | Reached XP level 2. HP: 27/27 MP: 1/1
   619 | D:1      | Reached XP level 3. HP: 27/33 MP: 2/2
   784 | D:1      | Gained mutation: You have large cloven feet. [potion of mutation]
   784 | D:1      | Gained mutation: You are resistant to hostile enchantments. (MR+) [potion of mutation]
   784 | D:1      | Gained mutation: You have a pair of large horns on your head. [potion of mutation]
   820 | D:1      | You fall through a shaft!
  1161 | D:2      | Slain by a gnoll

Skill      XL: |  1  2 |
---------------+-------+-----
Fighting       | 4 |  4.3
Long Blades    | 4 |  4.3
Short Blades   | |  0.7
Throwing       | |  0.4
Dodging        | |  3.9
Stealth        | |  1.8

Action                   || total
-------------------------++-------
Melee: Short sword       ||    75
       Headbutt          ||    18
       Falchion          ||     5
       Kick              ||    14
Throw: Javelin           ||     7
  Use: Scroll            ||     2
       Potion            ||     2
 Stab: Sleeping          ||     2
  Eat: Bread ration      ||     1
Armor: Robe              ||    13
Dodge: Dodged            ||    70
       Rpst.: Falchion   ||     2
